Login

Mongoloids vs Chiefs

Created - November 12, 2023 at 11:51

Goals
1 2 3 OT1 T
Mongoloids 2 0 1 1 4
Chiefs 1 0 2 0 3
Shots
1 2 3 OT1 T
Mongoloids 10 12 6 2 30
Chiefs 12 10 5 0 27

GoalsPenalties
1st period
1. Mongoloids , David Perron 2 (Michael Matheson 1, J.T. Miller 3) at 0:52
2. Mongoloids , Evgeni Malkin 3 (John Tavares 6, Michael Matheson 2) at 8:02
3. Chiefs , Brad Marchand 3 (Jake DeBrusk 2, Max Domi 3) at 11:05
Brandon Davidson (GLA) for Hooking (Minor) at 6:12
Drake Batherson (ULA) for Interference (Minor) at 6:12
Austin Watson (ULA) for Interference (Minor) at 15:10
J.T. Miller (ULA) for Interference (Minor) at 16:43
2nd period
No Goal
Casey Cizikas (GLA) for Holding (Minor) at 4:03
3rd period
4. Mongoloids , David Perron 3 (Rasmus Andersson 2, J.T. Miller 4) at 4:24
5. Chiefs , Frank Vatrano 5 (Reilly Smith 5, Marc-Edouard Vlasic 3) at 11:10
6. Chiefs , Leon Draisaitl 3 (Dave Hunt 4, Ryan Nugent-Hopkins 3) at 17:24
David Perron (ULA) for Roughing (Minor) at 1:05
Miro Heiskanen (GLA) for Tripping (Minor) at 6:16
Austin Watson (ULA) for Interference (Minor) at 8:29
Overtime #1
7. Mongoloids , Evgeni Malkin 4 (Tyrian Lannister 3, John Tavares 7) at 0:18
No Penalty
Goalie Stats
Thatcher Demko (ULA), 24 saves from 27 shots - (0.889), W, 2-7-2, 60:19 minutes
Stuart Skinner (GLA), 26 saves from 30 shots - (0.867), OTL, 7-1-2, 60:19 minutes
3 StarsOfficial
1 - Evgeni Malkin (ULA)
2 - David Perron (ULA)
3 - John Tavares (ULA)
Referees : Unknown
Linesman : Unknown
Game Note
No Game Note
Finance
Level 1 -- Attendance: 4395 (73.25%) -- Ticket Income $439,500
Level 2 -- Attendance: 3940 (78.80%) -- Ticket Income $236,400
Level 3 -- Attendance: 1511 (75.55%) -- Ticket Income $52,885
Level 4 -- Attendance: 3128 (78.20%) -- Ticket Income $78,200
Luxury Box -- Attendance: 942 (94.20%) -- Ticket Income $188,400
Game was played at the The Haggis.
Total Attendance: 13916 (77.31%)
Total Ticket Income: $995,385
Other Income: $398,154
Total Income: $1,393,539



Team Name Goals Shots Shots Attemp Shots Blocked PIM HIT PP PK FO%
Mongoloids 43066210230 / 2 (0%)051%
Chiefs 32741126180 / 4 (0%)049%

Mongoloids
Player Name POS G A P +/- PIM HIT SHT SB MP PP MP PP SHT PK MP PK SHT FO% FOT
Austin WatsonLW/RW000-3421015:200:0000:2000% 0
Brayden McNabbD000-2001020:112:1413:4200% 0
Brent BurnsD0000020112:390:0000:0000% 0
Cal ClutterbuckRW000-3003014:250:0000:00050% 2
David PerronLW/RW2022203017:471:4400:0900% 0
Dillon DubeC/RW000-3013014:160:0000:00033% 12
Drake BathersonLW/RW0000211015:582:1403:100100% 2
Evgeni MalkinC2022028023:342:1413:35063% 32
J.T. MillerC/LW0222203020:471:4412:13039% 23
John TavaresC/LW0222022023:232:1423:240100% 3
Jonathan MarchessaultLW/RW0002002017:391:4400:0000% 2
Markus NiemelainenD000001007:250:0000:0000% 0
Mattias EkholmD0002010119:361:4403:3900% 0
Michael MathesonD0222002019:441:4413:4700% 0
Ondrej PalatLW000001007:290:0001:4200% 0
Rasmus AnderssonD0110050012:480:0000:0900% 0
Ryan LindgrenD000000007:250:0000:0000% 0
Tyrian LannisterD011-1051020:312:1413:4300% 0
Chiefs
Player Name POS G A P +/- PIM HIT SHT SB MP PP MP PP SHT PK MP PK SHT FO% FOT
Brad MarchandLW101-1025019:553:2511:2500% 0
Brandon DavidsonD000-1210115:030:0000:5200% 0
Casey CizikasC0000244014:110:0000:00053% 17
Dave HuntLW/RW0110012118:264:0501:2500% 1
Drew DoughtyD0000012424:353:0912:1500% 0
Frank VatranoLW/RW1010003014:120:0000:0000% 0
Ivan ProvorovD0001010024:163:0902:1500% 0
Jake DeBruskLW/RW0110020017:393:2500:00050% 2
Jesse PuljujarviRW000000000:590:0000:0000% 1
Jordan EberleRW000000006:020:0000:0000% 0
Josh BaileyLW/RW000001006:020:0000:0000% 0
Leon DraisaitlC/LW1010002025:594:0502:33052% 29
Marc-Edouard VlasicD0110000421:034:0601:4300% 0
Max DomiC/LW/RW0110011017:393:2500:00048% 21
Miro HeiskanenD0000231020:394:2110:5100% 0
Reilly SmithRW0110004014:250:0000:00050% 2
Ryan Nugent-HopkinsC/LW0110003119:114:0502:33033% 3
Vincent DesharnaisD000-1010114:410:1500:0000% 0

Mongoloids

5 vs 5 Forward
Line #Left WingCenterRight WingPHYDFOFWanted %Time %Time Play
1John TavaresEvgeni MalkinDrake Batherson1223023%10:35
2David PerronJ.T. MillerJonathan Marchessault1222834%15:55
3Austin WatsonDillon DubeCal Clutterbuck1222631%14:16
4Ondrej PalatEvgeni MalkinJohn Tavares1221612%5:47
5 vs 5 Defense
Line #DefenseDefensePHYDFOFWanted %Time %Time Play
1Tyrian LannisterBrayden McNabb1223029%13:20
2Michael MathesonMattias Ekholm1222828%13:09
3Brent BurnsRasmus Andersson1222627%12:39
4Ryan LindgrenMarkus Niemelainen1221616%7:25
Power Play Forward
Line #Left WingCenterRight WingPHYDFOFWanted %Time %Time Play
1John TavaresEvgeni MalkinDrake Batherson1225556%2:14
2David PerronJ.T. MillerJonathan Marchessault1224544%1:44
Power Play Defense
Line #DefenseDefensePHYDFOFWanted %Time %Time Play
1Tyrian LannisterBrayden McNabb1225556%2:14
2Michael MathesonMattias Ekholm1224544%1:44
Penalty Kill 4 Players Forward
Line #CenterWingPHYDFOFWanted %Time %Time Play
1Evgeni MalkinJohn Tavares1225555%3:54
2J.T. MillerDrake Batherson1224545%3:10
Penalty Kill 4 Players Defense
Line #DefenseDefensePHYDFOFWanted %Time %Time Play
1Tyrian LannisterBrayden McNabb1225547%3:21
2Michael MathesonMattias Ekholm1224553%3:43
Penalty Kill 3 Players
Line #WingPHYDFOFWanted %Time %Time PlayDefenseDefensePHYDFOFWanted %Time %Time Play
1Evgeni Malkin1225585%0:22 Tyrian LannisterBrayden McNabb1225585%0:22
2John Tavares1224515%0:04 Michael MathesonMattias Ekholm1224515%0:04
4 vs 4 Forward
Line #CenterWingPHYDFOFWanted %Time %Time Play
1Evgeni MalkinJohn Tavares1225554%1:04
2J.T. MillerDrake Batherson1224546%0:55
4 vs 4 Defense
Line #DefensePHYDFOFWanted %Time %Time Play
1Tyrian LannisterBrayden McNabb1225546%55% - 0:55
2Michael MathesonMattias Ekholm1224554%45% - 1:04
Last Minutes Offensive
Left WingCenterRight WingDefenseDefense
John TavaresEvgeni MalkinDrake BathersonTyrian LannisterBrayden McNabb
Last Minutes Defensive
Left WingCenterRight WingDefenseDefense
John TavaresEvgeni MalkinDrake BathersonTyrian LannisterBrayden McNabb
Time
Total ForwardTotal DefenseLast Minutes OffensiveLast Minutes Defensive
60:00 60:00 0:000:00
Extra Forwards
Normal PowerPlayPenalty Kill
Austin Watson, Cal Clutterbuck, Ondrej PalatAustin Watson, Cal ClutterbuckOndrej Palat
Extra Defensemen
Normal PowerPlayPenalty Kill
Brent Burns, Rasmus Andersson, Ryan LindgrenBrent Burns, Rasmus AnderssonRyan Lindgren
Penalty Shots
Evgeni Malkin, John Tavares, J.T. Miller, Drake Batherson, David Perron
Goalie
Thatcher Demko, Jaroslav Halak
Custom OT Lines Forwards
Evgeni Malkin, John Tavares, J.T. Miller, Drake Batherson, David Perron, Jonathan Marchessault, Austin Watson, Cal Clutterbuck, Ondrej Palat, Dillon Dube
Custom OT Lines Defensemen
Tyrian Lannister, Brayden McNabb, Michael Matheson, Mattias Ekholm, Brent Burns
Scratches
Scott Wedgewood (Healthy)

Chiefs

5 vs 5 Forward
Line #Left WingCenterRight WingPHYDFOFWanted %Time %Time Play
1Ryan Nugent-HopkinsLeon DraisaitlDave Hunt1223026%12:05
2Brad MarchandMax DomiJake DeBrusk1222831%14:14
3Frank VatranoCasey CizikasReilly Smith1222631%14:12
4Josh BaileyLeon DraisaitlJordan Eberle1221613%6:02
5 vs 5 Defense
Line #DefenseDefensePHYDFOFWanted %Time %Time Play
1Drew DoughtyIvan Provorov1223027%12:32
2Marc-Edouard VlasicMiro Heiskanen1222831%14:20
3Vincent DesharnaisBrandon Davidson1222631%14:12
4Drew DoughtyIvan Provorov1221612%5:29
Power Play Forward
Line #Left WingCenterRight WingPHYDFOFWanted %Time %Time Play
1Ryan Nugent-HopkinsLeon DraisaitlDave Hunt1225554%4:05
2Brad MarchandMax DomiJake DeBrusk1224546%3:25
Power Play Defense
Line #DefenseDefensePHYDFOFWanted %Time %Time Play
1Drew DoughtyIvan Provorov1225542%3:09
2Marc-Edouard VlasicMiro Heiskanen1224558%4:21
Penalty Kill 4 Players Forward
Line #CenterWingPHYDFOFWanted %Time %Time Play
1Leon DraisaitlRyan Nugent-Hopkins1225564%2:33
2Dave HuntBrad Marchand1224536%1:25
Penalty Kill 4 Players Defense
Line #DefenseDefensePHYDFOFWanted %Time %Time Play
1Drew DoughtyIvan Provorov1225557%2:15
2Marc-Edouard VlasicMiro Heiskanen1224543%1:43
Penalty Kill 3 Players
Line #WingPHYDFOFWanted %Time %Time PlayDefenseDefensePHYDFOFWanted %Time %Time Play
1Leon Draisaitl122550%0:00 Drew DoughtyIvan Provorov122550%0:00
2Ryan Nugent-Hopkins122450%0:00 Marc-Edouard VlasicMiro Heiskanen122450%0:00
4 vs 4 Forward
Line #CenterWingPHYDFOFWanted %Time %Time Play
1Leon DraisaitlRyan Nugent-Hopkins1225557%1:08
2Dave HuntBrad Marchand1224543%0:51
4 vs 4 Defense
Line #DefensePHYDFOFWanted %Time %Time Play
1Drew DoughtyIvan Provorov1225543%55% - 0:51
2Marc-Edouard VlasicMiro Heiskanen1224557%45% - 1:08
Last Minutes Offensive
Left WingCenterRight WingDefenseDefense
Ryan Nugent-HopkinsLeon DraisaitlDave HuntDrew DoughtyIvan Provorov
Last Minutes Defensive
Left WingCenterRight WingDefenseDefense
Ryan Nugent-HopkinsLeon DraisaitlDave HuntDrew DoughtyIvan Provorov
Time
Total ForwardTotal DefenseLast Minutes OffensiveLast Minutes Defensive
60:00 60:00 0:000:00
Extra Forwards
Normal PowerPlayPenalty Kill
Jesse Puljujarvi, Reilly Smith, Jordan EberleJesse Puljujarvi, Reilly SmithJordan Eberle
Extra Defensemen
Normal PowerPlayPenalty Kill
Vincent Desharnais, Brandon Davidson, Marc-Edouard VlasicVincent Desharnais, Brandon DavidsonMarc-Edouard Vlasic
Penalty Shots
Leon Draisaitl, Ryan Nugent-Hopkins, Dave Hunt, Brad Marchand, Jake DeBrusk
Goalie
Stuart Skinner, Cam Talbot
Custom OT Lines Forwards
Leon Draisaitl, Ryan Nugent-Hopkins, Dave Hunt, Brad Marchand, Jake DeBrusk, Max Domi, Reilly Smith, Jordan Eberle, Casey Cizikas, Frank Vatrano
Custom OT Lines Defensemen
Drew Doughty, Ivan Provorov, Marc-Edouard Vlasic, Miro Heiskanen, Vincent Desharnais
Scratches
Curtis Lazar (Healthy), Jake Muzzin (Healthy)


Play-by-Play

1st period


0:01 of 1st period - Ryan Nugent-Hopkins wins face-off versus Evgeni Malkin in neutral zone.
0:04 of 1st period - Shot by Dave Hunt.
0:04 of 1st period - Stopped by Thatcher Demko with a rebound.
0:12 of 1st period - Shot by Evgeni Malkin.
0:12 of 1st period - Shot Blocked by Drew Doughty.
0:28 of 1st period - Shot by Evgeni Malkin.
0:28 of 1st period - Stopped by Stuart Skinner without a rebound.
0:29 of 1st period - J.T. Miller wins face-off versus Jake DeBrusk in Chiefs zone.
0:44 of 1st period - Shot by Jonathan Marchessault.
0:44 of 1st period - Shot Misses the Net.
0:48 of 1st period - Shot by J.T. Miller.
0:48 of 1st period - Shot Misses the Net.
0:52 of 1st period - Shot by David Perron.
0:52 of 1st period - Goal by David Perron - Mongoloids : 1 - Chiefs : 0.
0:53 of 1st period - Casey Cizikas wins face-off versus Dillon Dube in neutral zone.
0:56 of 1st period - Rasmus Andersson is hit by Casey Cizikas and loses puck.
1:02 of 1st period - Frank Vatrano is hit by Brent Burns and loses puck.
1:06 of 1st period - Frank Vatrano is hit by Rasmus Andersson and loses puck.
1:10 of 1st period - Casey Cizikas is hit by Brent Burns and loses puck.
1:24 of 1st period - Cal Clutterbuck is hit by Casey Cizikas.
1:33 of 1st period - Reilly Smith is hit by Austin Watson and loses puck.
2:10 of 1st period - Shot by Ivan Provorov.
2:10 of 1st period - Shot Misses the Net.
2:20 of 1st period - Shot by Leon Draisaitl.
2:20 of 1st period - Shot Misses the Net.
2:36 of 1st period - Icing by Brad Marchand.
2:37 of 1st period - Max Domi wins face-off versus J.T. Miller in Chiefs zone.
2:44 of 1st period - Icing by Miro Heiskanen.
2:45 of 1st period - J.T. Miller wins face-off versus Max Domi in Chiefs zone.
2:57 of 1st period - Icing by Brayden McNabb.
2:58 of 1st period - Leon Draisaitl wins face-off versus J.T. Miller in Mongoloids zone.
3:23 of 1st period - J.T. Miller is hit by Ivan Provorov and loses puck.
3:56 of 1st period - Ryan Nugent-Hopkins is hit by John Tavares and loses puck.
4:48 of 1st period - Icing by Drew Doughty.
4:49 of 1st period - Leon Draisaitl wins face-off versus Jonathan Marchessault in Chiefs zone.
5:44 of 1st period - Jake DeBrusk is hit by Tyrian Lannister and loses puck.
6:07 of 1st period - Shot by Dillon Dube.
6:07 of 1st period - Shot Misses the Net.
6:11 of 1st period - Shot by Dillon Dube.
6:11 of 1st period - Stopped by Stuart Skinner without a rebound.
6:12 of 1st period - Casey Cizikas wins face-off versus Evgeni Malkin in Chiefs zone.
6:12 of 1st period - Minor Penalty to Brandon Davidson for Hooking.
6:12 of 1st period - Minor Penalty to Drake Batherson for Interference.
6:13 of 1st period - Evgeni Malkin wins face-off versus Jesse Puljujarvi in Chiefs zone.
6:16 of 1st period - Shot by Evgeni Malkin.
6:16 of 1st period - Stopped by Stuart Skinner without a rebound.
6:17 of 1st period - Evgeni Malkin wins face-off versus Leon Draisaitl in Chiefs zone.
6:17 of 1st period - Evgeni Malkin is hit by Miro Heiskanen.
6:33 of 1st period - Shot by Evgeni Malkin.
6:33 of 1st period - Stopped by Stuart Skinner with a rebound.
6:43 of 1st period - Shot by Evgeni Malkin.
6:43 of 1st period - Shot Blocked by Marc-Edouard Vlasic.
6:47 of 1st period - Shot by Evgeni Malkin.
6:47 of 1st period - Shot Misses the Net.
6:49 of 1st period - Shot by Evgeni Malkin.
6:49 of 1st period - Stopped by Stuart Skinner with a rebound.
6:51 of 1st period - Shot by Mattias Ekholm.
6:51 of 1st period - Shot Misses the Net.
6:53 of 1st period - Shot by Michael Matheson.
6:53 of 1st period - Stopped by Stuart Skinner with a rebound.
6:58 of 1st period - John Tavares is hit by Miro Heiskanen and loses puck.
7:52 of 1st period - Icing by Ivan Provorov.
7:53 of 1st period - Evgeni Malkin wins face-off versus Dave Hunt in Chiefs zone.
8:02 of 1st period - Shot by John Tavares.
8:02 of 1st period - Deflect By Evgeni Malkin.
8:02 of 1st period - Goal by Evgeni Malkin - Mongoloids : 2 - Chiefs : 0.
8:03 of 1st period - J.T. Miller wins face-off versus Reilly Smith in neutral zone.
8:54 of 1st period - Icing by Vincent Desharnais.
8:55 of 1st period - Evgeni Malkin wins face-off versus Casey Cizikas in Chiefs zone.
9:28 of 1st period - Shot by Drake Batherson.
9:28 of 1st period - Shot Misses the Net.
9:40 of 1st period - Shot by Brad Marchand.
9:40 of 1st period - Stopped by Thatcher Demko with a rebound.
9:43 of 1st period - Icing by Mattias Ekholm.
9:44 of 1st period - Leon Draisaitl wins face-off versus Evgeni Malkin in Mongoloids zone.
11:05 of 1st period - Shot by Jake DeBrusk.
11:05 of 1st period - Deflect By Brad Marchand.
11:05 of 1st period - Goal by Brad Marchand - Mongoloids : 2 - Chiefs : 1.
11:06 of 1st period - J.T. Miller wins face-off versus Casey Cizikas in neutral zone.
11:18 of 1st period - Icing by Brandon Davidson.
11:19 of 1st period - Casey Cizikas wins face-off versus J.T. Miller in Chiefs zone.
11:32 of 1st period - Shot by Casey Cizikas.
11:32 of 1st period - Stopped by Thatcher Demko without a rebound.
11:33 of 1st period - Leon Draisaitl wins face-off versus J.T. Miller in Mongoloids zone.
11:33 of 1st period - Leon Draisaitl is hit by Rasmus Andersson.
12:04 of 1st period - Shot by Dave Hunt.
12:04 of 1st period - Stopped by Thatcher Demko with a rebound.
12:06 of 1st period - Shot by Ryan Nugent-Hopkins.
12:06 of 1st period - Stopped by Thatcher Demko with a rebound.
12:08 of 1st period - Shot by Leon Draisaitl.
12:08 of 1st period - Stopped by Thatcher Demko without a rebound.
12:09 of 1st period - Evgeni Malkin wins face-off versus Casey Cizikas in Mongoloids zone.
12:09 of 1st period - Evgeni Malkin is hit by Casey Cizikas.
12:15 of 1st period - Shot by Casey Cizikas.
12:15 of 1st period - Stopped by Thatcher Demko with a rebound.
13:22 of 1st period - Shot by Brad Marchand.
13:22 of 1st period - Stopped by Thatcher Demko without a rebound.
13:23 of 1st period - Leon Draisaitl wins face-off versus Dillon Dube in Mongoloids zone.
13:53 of 1st period - Shot by Cal Clutterbuck.
13:53 of 1st period - Shot Misses the Net.
13:55 of 1st period - Shot by Dillon Dube.
13:55 of 1st period - Shot Misses the Net.
13:57 of 1st period - Shot by Michael Matheson.
13:57 of 1st period - Shot Blocked by Ryan Nugent-Hopkins.
13:59 of 1st period - Shot by Michael Matheson.
13:59 of 1st period - Shot Blocked by Marc-Edouard Vlasic.
14:01 of 1st period - Shot by Cal Clutterbuck.
14:01 of 1st period - Stopped by Stuart Skinner without a rebound.
14:02 of 1st period - Max Domi wins face-off versus J.T. Miller in Chiefs zone.
14:04 of 1st period - Icing by Brad Marchand.
14:05 of 1st period - J.T. Miller wins face-off versus Max Domi in Chiefs zone.
14:14 of 1st period - Rasmus Andersson is hit by Jake DeBrusk.
15:10 of 1st period - Minor Penalty to Austin Watson for Interference.
15:11 of 1st period - Evgeni Malkin wins face-off versus Leon Draisaitl in Mongoloids zone.
15:48 of 1st period - Shot by Miro Heiskanen.
15:48 of 1st period - Stopped by Thatcher Demko without a rebound.
15:49 of 1st period - Max Domi wins face-off versus J.T. Miller in Mongoloids zone.
15:50 of 1st period - Shot by Drew Doughty.
15:50 of 1st period - Stopped by Thatcher Demko without a rebound.
15:51 of 1st period - Jake DeBrusk wins face-off versus J.T. Miller in Mongoloids zone.
16:16 of 1st period - Shot by Brad Marchand.
16:16 of 1st period - Shot Misses the Net.
16:18 of 1st period - Shot by Brad Marchand.
16:18 of 1st period - Stopped by Thatcher Demko without a rebound.
16:19 of 1st period - J.T. Miller wins face-off versus Ryan Nugent-Hopkins in Mongoloids zone.
16:43 of 1st period - Minor Penalty to J.T. Miller for Interference.
16:44 of 1st period - Evgeni Malkin wins face-off versus Max Domi in Mongoloids zone.
18:25 of 1st period - Icing by Miro Heiskanen.
18:26 of 1st period - Leon Draisaitl wins face-off versus Evgeni Malkin in Chiefs zone.
18:26 of 1st period - Leon Draisaitl is hit by Ondrej Palat.
18:48 of 1st period - Ryan Lindgren is hit by Casey Cizikas and loses puck.
19:01 of 1st period - Austin Watson is hit by Vincent Desharnais and loses puck.
19:30 of 1st period - Shot by Jonathan Marchessault.
19:30 of 1st period - Shot Misses the Net.
19:36 of 1st period - Shot by J.T. Miller.
19:36 of 1st period - Stopped by Stuart Skinner without a rebound.
19:37 of 1st period - Evgeni Malkin wins face-off versus Max Domi in Chiefs zone.
Goals for this period are 2 for Mongoloids vs 1 for Chiefs.
Shots for this period are 10 for Mongoloids vs 12 for Chiefs.

2nd period


0:01 of 2nd period - Evgeni Malkin wins face-off versus Leon Draisaitl in neutral zone.
0:03 of 2nd period - Tyrian Lannister is hit by Drew Doughty and loses puck.
0:16 of 2nd period - Shot by Leon Draisaitl.
0:16 of 2nd period - Shot Misses the Net.
0:38 of 2nd period - Shot by Ryan Nugent-Hopkins.
0:38 of 2nd period - Shot Misses the Net.
0:40 of 2nd period - Shot by Drew Doughty.
0:40 of 2nd period - Stopped by Thatcher Demko without a rebound.
0:41 of 2nd period - Cal Clutterbuck wins face-off versus Max Domi in Mongoloids zone.
0:41 of 2nd period - Cal Clutterbuck is hit by Brad Marchand.
0:44 of 2nd period - Dillon Dube is hit by Jake DeBrusk and loses puck.
0:53 of 2nd period - Shot by Dillon Dube.
0:53 of 2nd period - Stopped by Stuart Skinner with a rebound.
1:03 of 2nd period - Shot by Cal Clutterbuck.
1:03 of 2nd period - Stopped by Stuart Skinner without a rebound.
1:04 of 2nd period - Reilly Smith wins face-off versus J.T. Miller in Chiefs zone.
1:08 of 2nd period - Icing by Frank Vatrano.
1:09 of 2nd period - Casey Cizikas wins face-off versus J.T. Miller in Chiefs zone.
1:21 of 2nd period - Shot by Reilly Smith.
1:21 of 2nd period - Stopped by Thatcher Demko without a rebound.
1:22 of 2nd period - Leon Draisaitl wins face-off versus Evgeni Malkin in Mongoloids zone.
2:05 of 2nd period - Shot by Leon Draisaitl.
2:05 of 2nd period - Deflect By Ryan Nugent-Hopkins.
2:05 of 2nd period - Stopped by Thatcher Demko without a rebound.
2:06 of 2nd period - Dillon Dube wins face-off versus Max Domi in Mongoloids zone.
2:06 of 2nd period - Dillon Dube is hit by Brad Marchand.
2:19 of 2nd period - Brad Marchand is hit by Dillon Dube and loses puck.
2:33 of 2nd period - Michael Matheson is hit by Miro Heiskanen and loses puck.
3:30 of 2nd period - Shot by Frank Vatrano.
3:30 of 2nd period - Stopped by Thatcher Demko without a rebound.
3:31 of 2nd period - Evgeni Malkin wins face-off versus Leon Draisaitl in Mongoloids zone.
3:33 of 2nd period - Icing by Drake Batherson.
3:34 of 2nd period - Drake Batherson wins face-off versus Leon Draisaitl in Mongoloids zone.
3:34 of 2nd period - Drake Batherson is hit by Dave Hunt.
3:46 of 2nd period - Off-side.
3:47 of 2nd period - Casey Cizikas wins face-off versus Dillon Dube in neutral zone.
4:03 of 2nd period - Minor Penalty to Casey Cizikas for Holding.
4:04 of 2nd period - Evgeni Malkin wins face-off versus Ryan Nugent-Hopkins in Chiefs zone.
4:09 of 2nd period - Shot by Drake Batherson.
4:09 of 2nd period - Deflect By Evgeni Malkin.
4:09 of 2nd period - Stopped by Stuart Skinner without a rebound.
4:10 of 2nd period - Drake Batherson wins face-off versus Leon Draisaitl in Chiefs zone.
4:11 of 2nd period - Shot by Tyrian Lannister.
4:11 of 2nd period - Deflect By John Tavares.
4:11 of 2nd period - Stopped by Stuart Skinner without a rebound.
4:12 of 2nd period - Evgeni Malkin wins face-off versus Leon Draisaitl in Chiefs zone.
4:17 of 2nd period - Shot by Tyrian Lannister.
4:17 of 2nd period - Shot Blocked by Drew Doughty.
4:19 of 2nd period - Shot by Brayden McNabb.
4:19 of 2nd period - Stopped by Stuart Skinner without a rebound.
4:20 of 2nd period - Leon Draisaitl wins face-off versus Evgeni Malkin in Chiefs zone.
5:01 of 2nd period - Shot by Tyrian Lannister.
5:01 of 2nd period - Stopped by Stuart Skinner with a rebound.
5:11 of 2nd period - Shot by Michael Matheson.
5:11 of 2nd period - Stopped by Stuart Skinner without a rebound.
5:12 of 2nd period - J.T. Miller wins face-off versus Leon Draisaitl in Chiefs zone.
5:17 of 2nd period - Shot by J.T. Miller.
5:17 of 2nd period - Stopped by Stuart Skinner without a rebound.
5:18 of 2nd period - Leon Draisaitl wins face-off versus J.T. Miller in Chiefs zone.
6:42 of 2nd period - Shot by Ondrej Palat.
6:42 of 2nd period - Shot Misses the Net.
7:10 of 2nd period - Shot by Max Domi.
7:10 of 2nd period - Stopped by Thatcher Demko without a rebound.
7:11 of 2nd period - Leon Draisaitl wins face-off versus Dillon Dube in Mongoloids zone.
8:38 of 2nd period - Shot by Brad Marchand.
8:38 of 2nd period - Shot Misses the Net.
9:14 of 2nd period - Shot by Frank Vatrano.
9:14 of 2nd period - Deflect By Reilly Smith.
9:14 of 2nd period - Stopped by Thatcher Demko without a rebound.
9:15 of 2nd period - Leon Draisaitl wins face-off versus Evgeni Malkin in Mongoloids zone.
10:29 of 2nd period - Shot by Dillon Dube.
10:29 of 2nd period - Deflect By Cal Clutterbuck.
10:29 of 2nd period - Shot Blocked by Marc-Edouard Vlasic.
10:31 of 2nd period - Shot by Dillon Dube.
10:31 of 2nd period - Stopped by Stuart Skinner without a rebound.
10:32 of 2nd period - Casey Cizikas wins face-off versus J.T. Miller in Chiefs zone.
10:52 of 2nd period - Icing by Vincent Desharnais.
10:53 of 2nd period - Evgeni Malkin wins face-off versus Casey Cizikas in Chiefs zone.
11:15 of 2nd period - Evgeni Malkin is hit by Brandon Davidson and loses puck.
11:59 of 2nd period - Casey Cizikas is hit by Austin Watson and loses puck.
12:31 of 2nd period - Icing by Brandon Davidson.
12:32 of 2nd period - Casey Cizikas wins face-off versus J.T. Miller in Chiefs zone.
12:47 of 2nd period - Shot by David Perron.
12:47 of 2nd period - Stopped by Stuart Skinner without a rebound.
12:48 of 2nd period - Evgeni Malkin wins face-off versus Leon Draisaitl in Chiefs zone.
13:24 of 2nd period - Off-side.
13:25 of 2nd period - Max Domi wins face-off versus J.T. Miller in neutral zone.
13:53 of 2nd period - Shot by Jonathan Marchessault.
13:53 of 2nd period - Stopped by Stuart Skinner without a rebound.
13:54 of 2nd period - Leon Draisaitl wins face-off versus Dillon Dube in Chiefs zone.
14:21 of 2nd period - Jordan Eberle is hit by Rasmus Andersson and loses puck.
14:43 of 2nd period - Icing by Brent Burns.
14:44 of 2nd period - Max Domi wins face-off versus Dillon Dube in Mongoloids zone.
14:50 of 2nd period - Brad Marchand is hit by Rasmus Andersson and loses puck.
15:14 of 2nd period - Icing by Miro Heiskanen.
15:15 of 2nd period - Max Domi wins face-off versus Evgeni Malkin in Chiefs zone.
15:15 of 2nd period - Jake DeBrusk is hit by John Tavares and loses puck.
15:19 of 2nd period - Jake DeBrusk is hit by Evgeni Malkin and loses puck.
16:16 of 2nd period - Shot by J.T. Miller.
16:16 of 2nd period - Shot Misses the Net.
16:22 of 2nd period - Shot by J.T. Miller.
16:22 of 2nd period - Deflect By Jonathan Marchessault.
16:22 of 2nd period - Shot Blocked by Drew Doughty.
16:24 of 2nd period - Shot by J.T. Miller.
16:24 of 2nd period - Deflect By Jonathan Marchessault.
16:24 of 2nd period - Stopped by Stuart Skinner with a rebound.
16:26 of 2nd period - Shot by Michael Matheson.
16:26 of 2nd period - Shot Blocked by Dave Hunt.
16:28 of 2nd period - Shot by Mattias Ekholm.
16:28 of 2nd period - Shot Misses the Net.
16:30 of 2nd period - Shot by Michael Matheson.
16:30 of 2nd period - Shot Misses the Net.
16:32 of 2nd period - Shot by J.T. Miller.
16:32 of 2nd period - Shot Misses the Net.
17:04 of 2nd period - Shot by Reilly Smith.
17:04 of 2nd period - Shot Blocked by Mattias Ekholm.
17:06 of 2nd period - Shot by Casey Cizikas.
17:06 of 2nd period - Stopped by Thatcher Demko with a rebound.
17:08 of 2nd period - Shot by Casey Cizikas.
17:08 of 2nd period - Stopped by Thatcher Demko without a rebound.
17:09 of 2nd period - Evgeni Malkin wins face-off versus Max Domi in Mongoloids zone.
17:23 of 2nd period - Off-side.
17:24 of 2nd period - Casey Cizikas wins face-off versus Cal Clutterbuck in neutral zone.
17:57 of 2nd period - Icing by Vincent Desharnais.
17:58 of 2nd period - Evgeni Malkin wins face-off versus Casey Cizikas in Chiefs zone.
18:07 of 2nd period - Shot by John Tavares.
18:07 of 2nd period - Shot Blocked by Vincent Desharnais.
18:41 of 2nd period - Shot by Dave Hunt.
18:41 of 2nd period - Shot Misses the Net.
18:43 of 2nd period - Shot by Leon Draisaitl.
18:43 of 2nd period - Shot Blocked by Brent Burns.
19:01 of 2nd period - Shot by Ryan Nugent-Hopkins.
19:01 of 2nd period - Stopped by Thatcher Demko without a rebound.
19:02 of 2nd period - J.T. Miller wins face-off versus Max Domi in Mongoloids zone.
19:08 of 2nd period - Brad Marchand is hit by Tyrian Lannister and loses puck.
19:14 of 2nd period - Jake DeBrusk is hit by Tyrian Lannister and loses puck.
19:27 of 2nd period - Max Domi is hit by Tyrian Lannister and loses puck.
19:33 of 2nd period - Brad Marchand is hit by Tyrian Lannister and loses puck.
19:42 of 2nd period - Shot by Brad Marchand.
19:42 of 2nd period - Stopped by Thatcher Demko with a rebound.
Goals for this period are 0 for Mongoloids vs 0 for Chiefs.
Shots for this period are 12 for Mongoloids vs 10 for Chiefs.

3rd period


0:01 of 3rd period - Leon Draisaitl wins face-off versus Evgeni Malkin in neutral zone.
0:24 of 3rd period - Shot by John Tavares.
0:24 of 3rd period - Shot Blocked by Drew Doughty.
0:36 of 3rd period - Shot by Evgeni Malkin.
0:36 of 3rd period - Shot Misses the Net.
1:05 of 3rd period - Minor Penalty to David Perron for Roughing.
1:06 of 3rd period - Max Domi wins face-off versus Evgeni Malkin in Mongoloids zone.
1:07 of 3rd period - Shot by Miro Heiskanen.
1:07 of 3rd period - Shot Misses the Net.
1:44 of 3rd period - Shot by Miro Heiskanen.
1:44 of 3rd period - Shot Misses the Net.
3:21 of 3rd period - Shot by Dillon Dube.
3:21 of 3rd period - Shot Misses the Net.
4:05 of 3rd period - Shot by J.T. Miller.
4:05 of 3rd period - Shot Misses the Net.
4:24 of 3rd period - Shot by David Perron.
4:24 of 3rd period - Goal by David Perron - Mongoloids : 3 - Chiefs : 1.
4:25 of 3rd period - Evgeni Malkin wins face-off versus Leon Draisaitl in neutral zone.
5:20 of 3rd period - Austin Watson is hit by Josh Bailey and loses puck.
5:31 of 3rd period - Shot by Austin Watson.
5:31 of 3rd period - Deflect By Cal Clutterbuck.
5:31 of 3rd period - Shot Misses the Net.
5:43 of 3rd period - Shot by Austin Watson.
5:43 of 3rd period - Stopped by Stuart Skinner without a rebound.
5:44 of 3rd period - J.T. Miller wins face-off versus Max Domi in Chiefs zone.
5:47 of 3rd period - Shot by Jonathan Marchessault.
5:47 of 3rd period - Shot Misses the Net.
5:49 of 3rd period - Shot by J.T. Miller.
5:49 of 3rd period - Stopped by Stuart Skinner with a rebound.
5:51 of 3rd period - Shot by J.T. Miller.
5:51 of 3rd period - Shot Misses the Net.
6:16 of 3rd period - Minor Penalty to Miro Heiskanen for Tripping.
6:17 of 3rd period - Leon Draisaitl wins face-off versus Evgeni Malkin in Chiefs zone.
6:17 of 3rd period - Leon Draisaitl is hit by Drake Batherson.
6:53 of 3rd period - Shot by John Tavares.
6:53 of 3rd period - Stopped by Stuart Skinner without a rebound.
6:54 of 3rd period - Leon Draisaitl wins face-off versus J.T. Miller in Chiefs zone.
8:25 of 3rd period - Frank Vatrano is hit by Rasmus Andersson and loses puck.
8:29 of 3rd period - Minor Penalty to Austin Watson for Interference.
8:30 of 3rd period - John Tavares wins face-off versus Max Domi in Mongoloids zone.
10:40 of 3rd period - Shot by Frank Vatrano.
10:40 of 3rd period - Stopped by Thatcher Demko without a rebound.
10:41 of 3rd period - Dillon Dube wins face-off versus Casey Cizikas in Mongoloids zone.
10:56 of 3rd period - Shot by Reilly Smith.
10:56 of 3rd period - Deflect By Frank Vatrano.
10:56 of 3rd period - Shot Misses the Net.
11:10 of 3rd period - Shot by Reilly Smith.
11:10 of 3rd period - Deflect By Frank Vatrano.
11:10 of 3rd period - Goal by Frank Vatrano - Mongoloids : 3 - Chiefs : 2.
11:11 of 3rd period - Max Domi wins face-off versus Jonathan Marchessault in neutral zone.
11:14 of 3rd period - Markus Niemelainen is hit by Max Domi and loses puck.
12:05 of 3rd period - Shot by Reilly Smith.
12:05 of 3rd period - Stopped by Thatcher Demko without a rebound.
12:06 of 3rd period - Evgeni Malkin wins face-off versus Leon Draisaitl in Mongoloids zone.
13:12 of 3rd period - Shot by Cal Clutterbuck.
13:12 of 3rd period - Stopped by Stuart Skinner without a rebound.
13:13 of 3rd period - Max Domi wins face-off versus Dillon Dube in Chiefs zone.
13:18 of 3rd period - Shot by Jake DeBrusk.
13:18 of 3rd period - Shot Misses the Net.
13:21 of 3rd period - Icing by Cal Clutterbuck.
13:22 of 3rd period - Max Domi wins face-off versus Dillon Dube in Mongoloids zone.
13:26 of 3rd period - Brad Marchand is hit by Mattias Ekholm.
13:54 of 3rd period - Shot by Austin Watson.
13:54 of 3rd period - Shot Misses the Net.
14:30 of 3rd period - Shot by J.T. Miller.
14:30 of 3rd period - Shot Misses the Net.
15:27 of 3rd period - Shot by Leon Draisaitl.
15:27 of 3rd period - Deflect By Dave Hunt.
15:27 of 3rd period - Shot Misses the Net.
15:42 of 3rd period - Off-side.
15:43 of 3rd period - Casey Cizikas wins face-off versus Evgeni Malkin in neutral zone.
15:43 of 3rd period - Reilly Smith is hit by Evgeni Malkin and loses puck.
15:47 of 3rd period - Off-side.
15:48 of 3rd period - Evgeni Malkin wins face-off versus Casey Cizikas in neutral zone.
15:55 of 3rd period - Shot by Drake Batherson.
15:55 of 3rd period - Stopped by Stuart Skinner with a rebound.
16:13 of 3rd period - Shot by John Tavares.
16:13 of 3rd period - Shot Blocked by Brandon Davidson.
16:15 of 3rd period - Shot by Mattias Ekholm.
16:15 of 3rd period - Shot Misses the Net.
16:44 of 3rd period - Icing by Tyrian Lannister.
16:45 of 3rd period - Dillon Dube wins face-off versus Leon Draisaitl in Mongoloids zone.
17:24 of 3rd period - Shot by Leon Draisaitl.
17:24 of 3rd period - Goal by Leon Draisaitl - Mongoloids : 3 - Chiefs : 3.
17:25 of 3rd period - Evgeni Malkin wins face-off versus Max Domi in neutral zone.
17:44 of 3rd period - Shot by Evgeni Malkin.
17:44 of 3rd period - Shot Blocked by Marc-Edouard Vlasic.
17:57 of 3rd period - Marc-Edouard Vlasic is hit by Markus Niemelainen and loses puck.
19:35 of 3rd period - Shot by Reilly Smith.
19:35 of 3rd period - Stopped by Thatcher Demko without a rebound.
19:36 of 3rd period - Dillon Dube wins face-off versus Casey Cizikas in Mongoloids zone.
Goals for this period are 1 for Mongoloids vs 2 for Chiefs.
Shots for this period are 6 for Mongoloids vs 5 for Chiefs.

Overtime #1


0:01 of 1st overtime period - John Tavares wins face-off versus Leon Draisaitl in neutral zone.
0:04 of 1st overtime period - Shot by Tyrian Lannister.
0:04 of 1st overtime period - Shot Misses the Net.
0:06 of 1st overtime period - Shot by Evgeni Malkin.
0:06 of 1st overtime period - Stopped by Stuart Skinner without a rebound.
0:07 of 1st overtime period - John Tavares wins face-off versus Leon Draisaitl in Chiefs zone.
0:18 of 1st overtime period - Shot by Evgeni Malkin.
0:18 of 1st overtime period - Goal by Evgeni Malkin - Mongoloids : 4 - Chiefs : 3.
Goals for this period are 1 for Mongoloids vs 0 for Chiefs.
Shots for this period are 2 for Mongoloids vs 0 for Chiefs.